 Dungeon Crawl Stone Soup version 0.22.1-1-ga44c0e56f4 (webtiles) character file.

811 Kaderl the Shield-Bearer (level 8, -3/90 HPs)
             Began as a Human Fighter on Sept 22, 2018.
             Killed by divine providence
             ... invoked by an orc priest
              (11 damage)
             ... on level 5 of the Dungeon.
             The game lasted 00:15:48 (3447 turns).

Kaderl the Shield-Bearer (Human Fighter)            Turns: 3447, Time: 00:15:48

Health: -3/90      AC: 24    Str: 18    XL:     8   Next: 15%
Magic:  8/8        EV:  2    Int: 10    God:
Gold:   185        SH: 10    Dex: 12    Spells: 7/7 levels left

rFire    . . .     SeeInvis .   s - +0 morningstar
rCold    . . .     Gourm    .   p - +0 shield
rNeg     + + +     Faith    .   (armour currently unavailable)
rPois    +         Spirit   .   (helmet currently unavailable)
rElec    .         Reflect  .   (cloak currently unavailable)
rCorr    .         Harm     .   (gloves currently unavailable)
MR       ++...     NoTele   +   (boots currently unavailable)
Stlth    +.........             (no amulet)
HPRegen  0.25/turn              b - ring of protection from magic
MPRegen  0.11/turn              a - ring of protection from magic

@: tree-form
A: no striking features
a: no special abilities


You were on level 5 of the Dungeon.
You were not hungry.
You were a tree.
You visited 1 branch of the dungeon, and saw 6 of its levels.

You collected 185 gold pieces.

Inventory:

Hand Weapons
 s - a +0 morningstar (weapon)
Armour
 e - a +3 chain mail (melded)
 p - a +0 shield (worn)
Jewellery
 a - a ring of protection from magic (right branch)
 b - a ring of protection from magic (left branch)
 m - an uncursed ring of magical power
Scrolls
 c - a scroll of enchant armour
 d - a scroll of identify
 r - 2 scrolls of remove curse
Potions
 g - a potion of invisibility {unknown}
 h - a potion of brilliance {unknown}
 k - a potion of degeneration {unknown}
 o - a potion of curing {unknown}
Comestibles
 f - 3 rations


   Skills:
 + Level 4.2 Fighting
 + Level 5.3 Maces & Flails
 + Level 4.7 Armour
 + Level 1.2 Dodging
 + Level 0.1 Stealth
 + Level 5.5 Shields


You had 7 spell levels left.
You didn't know any spells.
Your spell library was empty.

Dungeon Overview and Level Annotations

Branches:
Dungeon (6/15)
 Temple: D:4-7

Altars:
Fedhas
Gozag
Makhleb
Sif Muna
Vehumet
Zin


Message History

The orc warrior hits you with a long sword.
You barely miss the orc warrior.
The orc warrior is almost dead.
You block the orc warrior's attack.
The orc priest calls down the wrath of Beogh upon you.
Beogh smites you!
* * * LOW HITPOINT WARNING * * *
You hit the orc warrior.
You kill the orc warrior!
Your shield prevents you from hitting the orc.
You block the orc's attack. The orc hits you but does no damage.
You closely miss the orc.
The orc priest calls down the wrath of Beogh upon you.
Beogh smites you!
* * * LOW HITPOINT WARNING * * *
You block the orc's attack.
You closely miss the orc. You block the orc's attack.
The orc priest mumbles some strange prayers to Beogh against you.
Beogh smites you!
You die...

####################
..[........oooo♣...#
###.##.############
#.# #o# ### #o#
.....#.########
#..........oo.o.#
#..##..#o######o#
...##..#.# #.#


You could see 3 orc priests and an orc.

Vanquished Creatures
  The ghost of Azzok the Firebug, an amateur DsFE (D:3)
  An orc warrior (D:5)
  An ogre (D:4)
  A bullfrog (D:3)
  A scorpion (D:5)
  A howler monkey (D:2)
  2 orc wizards
  2 orc priests (D:4)
  2 iguanas (D:4)
  A worker ant (D:4)
  Natasha (D:4)
  4 adders
  2 oozes (D:4)
  2 worms
  8 leopard geckos
  17 orcs
  A ball python (D:1)
  5 bats
  A bat skeleton (D:2)
  7 giant cockroaches
  5 goblins (D:3)
  7 hobgoblins
  2 jackals (D:4)
  3 quokkas
  5 frilled lizards
  8 kobolds
  12 rats
103 creatures vanquished.

Notes
Turn   | Place    | Note
-------+----------+-------------------------------------------
     0 | D:1      | Kaderl the Human Fighter began the quest for the Orb.
     0 | D:1      | Reached XP level 1. HP: 18/18 MP: 1/1
    70 | D:1      | Reached XP level 2. HP: 17/24 MP: 2/2
   269 | D:1      | Reached XP level 3. HP: 27/29 MP: 3/3
   641 | D:2      | Found a radiant altar of Vehumet.
   649 | D:2      | Found an opulent altar of Gozag.
   810 | D:2      | Found a glowing silver altar of Zin.
   820 | D:2      | Found a transporter.
   833 | D:2      | Found a transporter.
  1163 | D:2      | Found a burning altar of Makhleb.
  1240 | D:2      | Reached XP level 4. HP: 26/35 MP: 4/4
  1276 | D:3      | Found a deep blue altar of Sif Muna.
  1571 | D:3      | Reached XP level 5. HP: 39/41 MP: 5/5
  1572 | D:3      | Found a runed door.
  1577 | D:3      | Noticed Azzok's ghost (amateur DsFE)
  1577 | D:3      | Noticed a bullfrog
  1586 | D:3      | Killed a bullfrog
  1606 | D:3      | Killed Azzok's ghost
  1606 | D:3      | Reached XP level 6. HP: 16/48 MP: 6/6
  1615 | D:3      | Found a runed door.
  2311 | D:3      | Found a blossoming altar of Fedhas.
  2552 | D:4      | Reached XP level 7. HP: 49/53 MP: 7/7
  2627 | D:4      | Reached skill level 1 in Dodging
  2799 | D:4      | Reached skill level 5 in Shields
  3057 | D:4      | Noticed Natasha
  3087 | D:4      | Killed Natasha
  3146 | D:4      | Reached skill level 5 in Maces & Flails
  3159 | D:5      | Entered Level 5 of the Dungeon
  3216 | D:6      | Reached XP level 8. HP: 32/60 MP: 8/8
  3447 | D:5      | Killed from afar by an orc priest

Skill      XL: |  1  2  3  4  5  6  7 |
---------------+----------------------+-----
Maces & Flails | 3 4 5 |  5.3
Shields        | 4 5 |  5.5
Armour         | 4 |  4.7
Dodging        | 1 |  1.2
Fighting       | 4 |  4.2
Stealth        | |  0.1

Action                   |  1- 3 |  4- 6 |  7- 9 || total
-------------------------+-------+-------+-------++-------
Melee: Flail             |   128 |    28 |       ||   156
       Morningstar       |       |   166 |   186 ||   352
  Use: Scroll            |     6 |     3 |     2 ||    11
       Potion            |     1 |     1 |     5 ||     7
  Eat: Ration            |     1 |     2 |       ||     3
Armor: Chain mail        |   101 |   161 |   114 ||   376
       Scale mail        |     5 |       |       ||     5
       Skin              |       |       |    11 ||    11
Dodge: Dodged            |    38 |    46 |    38 ||   122
Block: Shield            |    91 |   127 |   130 ||   348
